 Dungeon Crawl Stone Soup version 0.27.0-1-g7a089689b8 (webtiles) character file.

Game seed: 575213188167393954

322 ZARRMARR the Conjurer (level 6, -15/47 HPs)
             Began as a Draconian Conjurer on Aug 3, 2021.
             Demolished by an ogre (28 damage)
             ... on level 4 of the Dungeon.
             The game lasted 00:15:45 (3733 turns).

ZARRMARR the Conjurer (Draconian Conjurer)          Turns: 3733, Time: 00:15:46

Health: -15/47     AC:  7    Str:  9    XL:     6   Next: 22%
Magic:  19/19      EV: 12    Int: 21    God:
Gold:   50         SH:  0    Dex:  9    Spells: 10/11 levels left

rFire    . . .     SeeInvis .   b - +0 flail
rCold    . . .     Faith    .   (no shield)
rNeg     . . .     Spirit   .   (armour unavailable)
rPois    .         Reflect  .   (helmet restricted)
rElec    .         Harm     +   e - scarf {harm}
rCorr    .         Rampage  .   f - +0 pair of gloves
Will     .....                  (no boots)
Stlth    ++........             (no amulet)
HPRegen  0.15/turn              j - ring of magical power
MPRegen  0.16/turn              l - ring of flight

@: flying
A: AC +6, unfitting armour, cold-blooded
a: no special abilities


You were on level 4 of the Dungeon.
You visited 1 branch of the dungeon, and saw 4 of its levels.

You collected 78 gold pieces.
You spent 28 gold pieces at shops.

Inventory:

Hand Weapons
 b - a +0 flail (weapon)
Missiles
 i - 59 stones
 m - 4 boomerangs (quivered)
 o - 16 poisoned darts
Armour
 e - a scarf of harm (worn)
 f - a +0 pair of gloves (worn)
Magical Staves
 h - a staff of poison
Jewellery
 j - a ring of magical power (left hand)
 l - a ring of flight (right hand)
Scrolls
 c - 2 scrolls of blinking
 d - a scroll of vulnerability
 g - a scroll of fog
 k - a scroll of identify
Potions
 a - a potion of might
 n - a potion of lignification
 p - a potion of heal wounds {unknown}


   Skills:
 + Level 1.5 Fighting
 + Level 2.6 Maces & Flails
 + Level 2.9 Dodging
 + Level 2.0 Stealth
 + Level 3.2 Spellcasting
 + Level 5.3 Conjurations


You had 10 spell levels left.
You knew the following spells:

 Your Spells              Type           Power      Damage    Failure   Level
a - Magic Dart            Conj           100%       1d8       1%          1

Your spell library contained the following spells:

 Spells                   Type           Power      Damage    Failure   Level
 Searing Ray              Conj           50%        3d5       2%          2
 Dazzling Flash           Conj/Hex       28%        N/A       13%         3
 Gell's Gravitas          Tloc           1%         N/A       36%         3
 Teleport Other           Tloc           3%         N/A       36%         3
 Fulminant Prism          Conj/Hex       7%         3d7       41%         4
 Iskenderun's Mystic Bla  Conj/Tloc      14%        2d5       41%         4
 Dispersal                Tloc           1%         N/A       100%        6


Dungeon Overview and Level Annotations

Branches:
Dungeon (4/15)
 Temple: D:4-7

Altars:

Shops:
D:2 *

Portals:
Sewer: D:4


Innate Abilities, Weirdness & Mutations

Your plain brown scales are hard. (AC +6)
You cannot fit into any form of body armour.
You are cold-blooded and may be slowed by cold attacks.


Message History

Unknown command.
Unknown command.
Casting: Magic Dart (safe; 1% risk of failure)
Confirm with . or Enter, or press ? or * to list all spells.
You can't see any susceptible monsters within range! (Use Z to cast anyway.) Unknown command.
Unknown command.
You hear the brisk rusting of a drain very nearby.
A worm comes into view.
An ogre comes into view. It is wielding a +0 giant spiked club.
The ogre shouts!
A kobold and a dart slug come into view.
The kobold shouts!
A giant cockroach comes into view.
An adder, 2 rats, a worm and a giant cockroach come into view.
Found a glowing drain.
Casting: Magic Dart (safe; 1% risk of failure)
Confirm with . or Enter, or press ? or * to list all spells.
Aiming: Magic Dart (safe; 1% risk of failure)
Press: ? - help, Shift-Dir - straight line, f - ogre
Aim: an ogre, wielding a +0 giant spiked club (100% to hit)
The magic dart hits the ogre.
The ogre is moderately wounded.
The adder hisses angrily.
You hit the ogre.
The ogre is heavily wounded.
The ogre barely misses you.
You barely miss the ogre.
The ogre is heavily wounded.
The ogre completely misses you.
You closely miss the ogre.
The ogre is heavily wounded.
The river rat bites you. The adder bites you. The ogre barely misses you.
You hit the ogre.
The ogre is heavily wounded.
The adder bites you but does no damage. The river rat bites you.
* * * LOW HITPOINT WARNING * * *
The ogre hits you with a +0 giant spiked club!!
Ouch! That really hurt!
You die...

#.....#.###...#
#.#.###.##.K.#
#.#.....#...##..#
#.####...O.....#
#. #K##....8....
#. #.###.....##.
######. #.#
##.##..#
.......####.# ..#
w.# #r@OK..# ...#
.. #S###### .#..#
.


BBr .##.. ..... ≈≈≈w.#. ≈≈≈≈.#. ≈≈≈≈ #. ∩≈≈≈ #. You could see an ogre, a worm,
an adder, a river rat, 2 giant cockroaches, a kobold and a rat.

Vanquished Creatures
  An ogre (D:4)
  An orc priest (D:4)
  An iguana (D:4)
  2 orc wizards (D:4)
  Robin (D:3)
  4 adders
  A worm (D:2)
  3 dart slugs
  3 orcs
  4 ball pythons
  4 endoplasms
  4 giant cockroaches
  12 goblins
  7 hobgoblins
  15 jackals
  3 kobolds
  A quokka (D:3)
  10 bats
  2 frilled lizards
  7 rats
86 creatures vanquished.

Notes
Turn   | Place    | Note
-------+----------+-------------------------------------------
     0 | D:1      | ZARRMARR the Draconian Conjurer began the quest for the
                  | Orb.
     0 | D:1      | Reached XP level 1. HP: 14/14 MP: 3/3
   345 | D:1      | Reached XP level 2. HP: 20/20 MP: 3/5
   841 | D:1      | Reached XP level 3. HP: 23/26 MP: 1/6
  1062 | D:2      | Found a faded altar of an unknown god.
  1344 | D:2      | Found Zyuphomo's General Store.
  1347 | D:2      | Bought a scroll of identify for 28 gold pieces
  1813 | D:2      | Reached skill level 5 in Conjurations
  2288 | D:3      | Reached XP level 4. HP: 20/34 MP: 7/7
  3085 | D:3      | Noticed Robin
  3091 | D:3      | Killed Robin
  3092 | D:3      | Reached skill level 1 in Maces & Flails
  3420 | D:4      | Noticed an ogre
  3426 | D:4      | Killed an ogre
  3427 | D:4      | Reached skill level 1 in Fighting
  3427 | D:4      | Reached XP level 5. HP: 40/40 MP: 9/9
  3555 | D:4      | Reached XP level 6. HP: 7/47 MP: 7/10
  3728 | D:4      | Found a glowing drain.
  3733 | D:4      | Demolished by an ogre

Illustrated notes

Levels and vault maps discovered:
D:1:      elethiomel_arrival_quiet, layout_rooms, dk_noncrumbling_4
D:2:      layout_loops_ring, serial_shops, nicolae_shop_statue_plus,
          ebering_ecumenical_altar_box
D:3:      layout_basic, uniq_robin
D:4:      layout_loops_ring, lemuel_round_altar, minmay_temple_entry_waves,
          serial_shops, shop, portal_sewer_entry_b, st_stairs_6,
          minmay_misc_feat_cross

Skill      XL: |  1  2  3  4  5 |
---------------+----------------+-----
Dodging        | 2 |  2.9
Conjurations   | 5 |  5.3
Maces & Flails | 2 |  2.6
Fighting       | 1 |  1.5
Spellcasting   | 3 |  3.2
Stealth        | 2 |  2.0

Action                   |  1- 3 |  4- 6 || total
-------------------------+-------+-------++-------
Melee: Unarmed           |     6 |       ||     6
       Flail             |    39 |    58 ||    97
       Tailslap          |     2 |     3 ||     5
 Cast: Magic Dart        |    70 |    73 ||   143
  Use: Scroll            |     3 |     2 ||     5
Armor: Skin              |    15 |    33 ||    48
Dodge: Dodged            |    45 |    43 ||    88
